 Dungeon Crawl Stone Soup version 0.30-a0-170-g85af917532 (webtiles) character file.

Game seed: 13826731290187285334

947 Flugkiller the Chiller (level 7, -4/48 HPs)
             Began as a Mummy Ice Elementalist on Sept 30, 2022.
             Slain by a scorpion (5 damage)
             ... on level 4 of the Dungeon.
             The game lasted 00:05:19 (5299 turns).

Flugkiller the Chiller (Mummy Ice Elementalist)     Turns: 5299, Time: 00:05:20

Health: -4/48      AC:  4    Str: 11    XL:     7   Next: 89%
Magic:  16/16      EV: 12    Int: 16    God:
Gold:   153        SH:  0    Dex: 19    Spells: 7/18 levels left

rFire   x . .      SeeInvis .    k - +5 dagger of Cobwebs {flame, Fly rElec rC+}
rCold   + + .      Faith    +    (no shield)
rNeg    + + +      Spirit   .    a - +0 robe
rPois   ∞          Reflect  .    (no helmet)
rElec   +          Harm     .    (no cloak)
rCorr   .          Rampage  .    o - +0 pair of gloves
Will    .....                    i - +0 pair of boots
Stlth   ++........               (no amulet)
HPRegen 0.16/turn                h - ring of flight
MPRegen 0.15/turn                e - +6 ring of dexterity

@: flying
A: cold resistance 1, negative energy resistance 3, torment resistance 2, heat
vulnerability 1, in touch with death 1, no potions, faith
a: no special abilities


You were on level 4 of the Dungeon.
You visited 1 branch of the dungeon, and saw 5 of its levels.

You collected 153 gold pieces.

Inventory:

Hand Weapons
 d - a +2 whip of electrocution
   (You found it on level 1 of the Dungeon)
 k - the +5 dagger of Cobwebs (weapon) {flame, Fly rElec rC+}
   (You found it on level 2 of the Dungeon)

   It burns those it strikes, dealing additional fire damage.
   rC:        It protects you from cold.
   rElec:     It insulates you from electricity.
   Fly:       It grants you flight.
Armour
 a - a +0 robe (worn)
 i - a +0 pair of boots (worn)
   (You found it on level 1 of the Dungeon)
 n - a +0 buckler
   (You found it on level 4 of the Dungeon)
 o - a +0 pair of gloves (worn)
   (You found it on level 4 of the Dungeon)
Jewellery
 e - a +6 ring of dexterity (right hand)
   (You found it on level 1 of the Dungeon)
 h - a ring of flight (left hand)
   (You found it on level 3 of the Dungeon)
Scrolls
 b - 2 scrolls of poison
 c - a scroll of amnesia
 f - 2 scrolls of silence
 g - a scroll of enchant weapon
 j - a scroll of brand weapon
 l - a scroll of vulnerability
 m - a scroll of magic mapping
 r - a scroll of identify
 t - a scroll of teleportation
 z - a scroll of blinking


   Skills:
 - Level 1.0 Fighting
 - Level 1.5 Dodging
 - Level 1.5 Stealth
 - Level 6.0 Spellcasting
 + Level 3.9 Summonings
 - Level 6.0 Ice Magic


You had 7 spell levels left.
You knew the following spells:

 Your Spells              Type           Power      Damage    Failure   Level
a - Freeze                Ice            96%        1d11      1%          1
b - Frozen Ramparts       Ice            48%        1d8       3%          3
c - Ozocubu's Armour      Ice            24%        N/A       3%          3
d - Summon Ice Beast      Ice/Summ       20%        N/A       19%         4

Your spell library contained the following spells:

 Spells                   Type           Power      Damage    Failure   Level


Dungeon Overview and Level Annotations

Branches:
Dungeon (5/15) Zot: 24668
 Temple: D:4-7

Altars:
Nemelex Xobeh

Annotations:
D:4 Prince Ribbit


Innate Abilities, Weirdness & Mutations

You are immune to poison.
Your flesh is cold resistant. (rC+)
You are immune to negative energy. (rN+++)
You are immune to unholy pain and torment.
You are vulnerable to heat. (rF-)
You are in touch with the powers of death.
You do not drink.
You have a special connection with the divine. (Faith)


Message History

You hit the giant cockroach. You burn the giant cockroach.
You kill the giant cockroach!
No target in view!
No target in view!
You start resting.
The frozen ramparts melt away.
You start resting.
HP restored.
You see here a giant cockroach corpse.
Magic restored.
You now have 153 gold pieces (gained 5).
You see here a giant cockroach corpse.
You see here a +0 leather armour.
You reach down and open the door.
A worm and an endoplasm come into view.
There are monsters nearby!
There are monsters nearby!
There is an open door here.
The helpless endoplasm fails to defend itself.
You puncture the endoplasm! You burn the endoplasm.
You kill the endoplasm!
The helpless worm fails to defend itself.
You puncture the worm! You burn the worm.
You kill the worm!
No target in view!
No target in view!
You reach down and open the door.
There is an open door here.
A hobgoblin comes into view.
A hobgoblin is nearby!
A hobgoblin is nearby!
Unknown command.
A hobgoblin is nearby!
A hobgoblin is nearby!
The hobgoblin shouts!
The hobgoblin barely misses you.
You hit the hobgoblin. You burn the hobgoblin.
You kill the hobgoblin!
No target in view!
No target in view!
No target in view!
No target in view!
You see here a hobgoblin corpse.
You reach down and open the door.
There is an open door here.
There is an open door here.
A hobgoblin comes into view.
A hobgoblin is nearby!
A hobgoblin is nearby!
The helpless hobgoblin fails to defend itself.
You puncture the hobgoblin! You burn the hobgoblin.
You kill the hobgoblin!
No target in view!
No target in view!
No target in view!
You see here a hobgoblin corpse.
You see here a +0 leather armour.
There is an open door here.
You reach down and open the door.
There is an open door here.
You reach down and open the door.
There is an open door here.
You reach down and open the door.
There is an open door here.
Key pressed, stopping explore.
Done exploring.
Done exploring.
Done exploring.
(D) Dungeon
Where to? (Enter - D:4 @ (x,y), ? - help)
There is a stone staircase leading down here.
You fly downwards.
There is a stone staircase leading up here.
Prince Ribbit is nearby!
Unknown command.
Okay, then.
Prince Ribbit blinks!
Prince Ribbit blinks!
Prince Ribbit blinks!
Prince Ribbit blinks!
A scorpion comes into view.
You aren't carrying any items that you can evoke.
Unknown command.
You fly upwards.
There is a stone staircase leading down here.
No target in view!
You fly downwards.
Level annotation: Prince Ribbit Prince Ribbit hits you!
The scorpion barely misses you. Prince Ribbit misses you.
There is a stone staircase leading up here.
Prince Ribbit hits you! The scorpion closely misses you.
You fly upwards.
There is a stone staircase leading down here.
Prince Ribbit attacks as you move away! Prince Ribbit hits you!
* * * LOW HITPOINT WARNING * * *
The scorpion barely misses you. Prince Ribbit hits you!
* * * LOW HITPOINT WARNING * * *
Prince Ribbit asks, "Just a little smooch?"
The scorpion stings you.
You die...

####.####### ##...## #
#.# ##'## # #
#.########## #.#########
# # #.##.......#
#.#.......# # #
#.##.#####.###.#.......#
# #
#.##.#####.##..........#
# #
#......................#
# #
####.#####.##..........#
# # #.#
#@###.#.......#### #
#.#####s# #.#...........
# #.....>F#
#.###...###### #########
#.# ##### #.# #.#
######### #.# #.......#
#.# #.#####.#####
#.##########


You could see Prince Ribbit and a scorpion.

Vanquished Creatures
  Pikel (D:4)
  A black bear (D:4)
  A lemure (D:4)
  A necrophage (D:4)
  A scorpion (D:4)
  A hound (D:4)
  An iguana (D:4)
  Natasha (thrice) (D:2)
  4 adders
  4 gnolls (D:4)
  3 ufetubi
  A worm (D:4)
  2 dart slugs
  4 orcs (D:4)
  6 ball pythons
  2 endoplasms
  4 giant cockroaches
  2 goblins
  11 hobgoblins
  6 kobolds
  7 quokkas
  A bat (D:2)
  4 frilled lizards
  7 rats
78 creatures vanquished.

Notes
Turn   | Place    | Note
-------+----------+-------------------------------------------
     0 | D:1      | Flugkiller the Mummy Ice Elementalist began the quest for
                  | the Orb.
     0 | D:1      | Reached XP level 1. HP: 13/13 MP: 4/4
   322 | D:1      | Reached XP level 2. HP: 15/20 MP: 3/6
   504 | D:2      | Reached skill level 1 in Fighting
   601 | D:2      | Noticed Natasha
   609 | D:2      | Killed Natasha
   610 | D:2      | Gained mutation: You are in touch with the powers of death.
                  | [Mummy growth]
   610 | D:2      | Reached XP level 3. HP: 13/26 MP: 2/8
  1034 | D:2      | Learned a level 3 spell: Frozen Ramparts
  1287 | D:1      | Found a faded altar of an unknown god.
  1786 | D:2      | Reached XP level 4. HP: 23/32 MP: 7/10
  1894 | D:2      | Noticed Natasha
  1979 | D:2      | Identified the +5 dagger of Cobwebs {flame, Fly rElec rC+}
  2055 | D:2      | Killed Natasha
  2257 | D:2      | Noticed Natasha
  2266 | D:2      | Killed Natasha
  2549 | D:3      | Noticed an ice beast
  2610 | D:3      | Reached XP level 5. HP: 27/37 MP: 7/11
  3331 | D:3      | Found a sparkling altar of Nemelex Xobeh.
  4287 | D:4      | Reached skill level 5 in Ice Magic
  4302 | D:4      | Reached XP level 6. HP: 21/43 MP: 2/12
  4457 | D:4      | Learned a level 3 spell: Ozocubu's Armour
  4462 | D:4      | Learned a level 4 spell: Summon Ice Beast
  4486 | D:4      | Noticed Pikel
  4507 | D:4      | Killed Pikel
  4508 | D:4      | Reached XP level 7. HP: 37/48 MP: 1/16
  5279 | D:5      | Entered Level 5 of the Dungeon
  5279 | D:5      | Noticed Prince Ribbit
  5298 | D:4      | HP: 1/48 [Prince Ribbit (7)]
  5299 | D:4      | Slain by a scorpion

Illustrated notes

Levels and vault maps discovered:
D:1:      dpeg_arrival_leaves_temple_mockup, layout_loops_ring,
          chequers_ecumenical_altar_lobes, minivault_4, minmay_strange_pillars,
          eino_curves_03, skrybe_limestone_x, hangedman_abyss_or_decor_stabs
D:2:      layout_loops_ring, uniq_natasha
D:3:      layout_loops_corners, mainiacjoe_overflow_tiny_flanked,
          grunt_decor_junction, serial_park_tiny_pond
D:4:      layout_loops_corners, uniq_pikel
D:5:      layout_cave_pools, temple_pool_b, uniq_prince_ribbit1

Skill      XL: |  1  2  3  4  5  6  7 |
---------------+----------------------+-----
Spellcasting   | 3 4 6 |  6.0
Fighting       | 1 |  1.0
Ice Magic      | 4 5 6 |  6.0
Summonings     | 2 3 |  3.9
Dodging        | |  1.5
Stealth        | |  1.5

Action                   |  1- 3 |  4- 6 |  7- 9 || total
-------------------------+-------+-------+-------++-------
Melee: Whip              |    21 |     1 |       ||    22
       Dagger            |       |    41 |    17 ||    58
 Cast: Freeze            |    33 |    37 |     2 ||    72
       Frozen Ramparts   |       |     8 |     3 ||    11
  Use: Scroll            |       |     6 |     3 ||     9
 Stab: Sleeping          |       |     2 |     5 ||     7
Armor: Robe              |     4 |    11 |     4 ||    19
Dodge: Dodged            |    38 |    53 |    17 ||   108

Table legend: (Time is in decaauts)
 A = Elapsed time spent in this place.
 B = Non-inter-level travel time spent in this place.
 C = Inter-level travel time spent in this place.
 D = Time resting spent in this place.
 E = Time spent auto-exploring this place.
 F = Levels seen in this place.
 G = Mean time per level.
                   A        B        C        D        E       F      G
               +--------+--------+--------+--------+--------+-----+--------+
         Total |   5331 |   4932 |    399 |   1433 |   2694 |   5 | 1066.2 |
       Dungeon |   5331 |   4932 |    399 |   1433 |   2694 |   5 | 1066.2 |
               +--------+--------+--------+--------+--------+-----+--------+

Top non-repeatable levels by time:
     D:4: 1537 daAuts
     D:2: 1400 daAuts
     D:3: 1245 daAuts
     D:1: 1130 daAuts
     D:5: 16 daAuts
